AoeStats
← Q

Arabia

506161763Analyzed
1v1 RM · 20d ago on Sep 12, 2026· 26m 49s· 2 players
Game mode
Random Map
Map size
Tiny (2 player)
Population
200
Speed
Normal
Resources
Standard
Victory
Conquest
Starting age
Dark Age
Ending age
Imperial Age
RankedLock teamsTeams togetherTeam positionsShared explorationLock speedFull tech treeHidden civsTurbo modeCheats
Victory
Defeat
🇨🇳 Goths · China
575
+19
🇧🇷 Khitans · Brazil
640
-19
Q
11:49 Feudal Age
10:34 Loom
17:05 Castle Age
15:33 Double-Bit Axe
16:10 Horse Collar
16:26 Man-at-Arms
17:37 Scale Mail Armor
19:29 Wheelbarrow
19:48 Heavy Plow
20:03 Bow Saw
20:51 Heavy Plow
20:54 Long Swordsman
21:41 Gold Mining
23:33 Scale Mail Armor
24:30 Chain Mail Armor
24:26 Forging
25:31 Squires
27:13 Town Watch
MatMarra
9:21 Feudal Age
10:22 Loom
16:04 Gold Mining
18:56 Castle Age
17:43 Double-Bit Axe
17:46 Domestication
20:23 Stone Mining
21:10 Pastoralism
21:29 Gold Mining
23:52 Stone Shaft Mining
26:35 Bow Saw
Connection lost

Rejoining the realm…

Still unreachable

The connection could not be restored.

Session expired

The server has moved on; the page needs a fresh start.